 Dungeon Crawl Stone Soup version 0.30.1-11-g7821555f0a (webtiles) character file.

Game seed: 15782121213847106832

2083 Hallewes the Protected (level 9, -4/75 HPs)
             Began as a Minotaur Fighter on Oct 28, 2023.
             Was a Follower of Makhleb.
             Slain by a sun demon (6 damage)
             ... summoned by a kobold demonologist
             ... on level 9 of the Dungeon.
             The game lasted 00:24:48 (4811 turns).

Hallewes the Protected (Minotaur Fighter)           Turns: 4811, Time: 00:24:49

Health: -4/75      AC: 11    Str: 25    XL:     9   Next: 6%
Magic:  8/8        EV: 12    Int:  5    God:    Makhleb [*.....]
Gold:   79         SH:  7    Dex: 10    Spells: 8/8 levels left

rFire   + + .        s - +7 mace "Iviphui" {heavy, rF+}
rCold   . . .        c - +2 buckler
rNeg    . . .        J - +0 acid dragon scales
rPois   .            (helmet restricted)
rElec   .            o - scarf {+Inv}
rCorr   +            G - +2 pair of gloves {rF+}
SInv    .            (no boots)
Will    .....        r - amulet of regeneration
Stlth   +            I - ring of flight
HPRegen 1.12/turn    (no ring)
MPRegen 0.11/turn

%: no passive effects
@: flying
A: horns 2, retaliatory headbutt, screaming 1
a: Renounce Religion, Evoke Invisibility


You were on level 9 of the Dungeon.
You worshipped Makhleb.
Makhleb was aware of your devotion.
You visited 1 branch of the dungeon, and saw 7 of its levels.

You collected 337 gold pieces.
You spent 258 gold pieces at shops.

Inventory:

Hand Weapons
 a - a +0 war axe
 s - the +7 mace "Iviphui" (weapon) {heavy, rF+}
   (You found it on level 2 of the Dungeon)

   rF:        It protects you from fire.
 w - a +0 scythe
 y - a +3 mace of protection
Missiles
 h - 3 curare-tipped darts (quivered)
 H - 2 poisoned darts
Armour
 b - a +0 scale mail
 c - a +2 buckler (worn)
 o - a scarf of invisibility (worn)
 C - a scarf of invisibility
 G - a +2 pair of gloves of fire resistance (worn)
 J - +0 acid dragon scales (worn)
Jewellery
 r - an amulet of regeneration (around neck)
 F - a ring of ice
 I - a ring of flight (left hand)
Wands
 e - a wand of polymorph (6)
 n - a wand of acid (2)
 p - a wand of flame (2)
Scrolls
 f - a scroll of noise
 k - 3 scrolls of magic mapping
 m - 3 scrolls of poison
 q - 2 scrolls of amnesia {unknown}
 t - 3 scrolls of fog {unknown}
 u - 2 scrolls of teleportation {unknown}
 z - 3 scrolls of enchant weapon
 D - a scroll of silence {unknown}
 E - a scroll of identify
Potions
 d - 2 potions of might
 g - a potion of cancellation {unknown}
 i - 2 potions of lignification {unknown}
 j - a potion of flight {unknown}
 l - a potion of berserk rage {unknown}
 v - 3 potions of curing {unknown}
 x - 2 potions of heal wounds {unknown}
 A - a potion of degeneration {unknown}
 B - 3 potions of mutation {unknown}


   Skills:
 + Level 6.2 Fighting
 + Level 4.8(6.5) Axes
 + Level 6.8(7.5) Maces & Flails
 + Level 8.8 Armour
 + Level 3.1 Dodging
 + Level 0.6 Stealth
 + Level 6.3 Shields
 + Level 1.0 Evocations


You had 8 spell levels left.
You didn't know any spells.
Your spell library contained the following spells:

 Spells                   Type           Power      Damage    Failure   Level
 Lesser Beckoning         Tloc           0%         N/A       75%         2
 Gell's Gravitas          Tloc           0%         N/A       92%         3
 Teleport Other           Tloc           0%         N/A       92%         3


Dungeon Overview and Level Annotations

Branches:
Dungeon (9/15)
 Temple: D:4-7         Lair: D:8-11         Orc: D:9-12

Altars:
Cheibriados
Hepliaklqana
Makhleb
Xom

Shops:
D:8 *


Innate Abilities, Weirdness & Mutations

You have a pair of horns on your head.
You reflexively headbutt those who attack you in melee.
You occasionally shout uncontrollably at your foes.


Message History

You block the kobold demonologist's attack.
You barely miss the kobold demonologist.
The kobold demonologist is severely wounded.
You feel sick.
You are no longer poisoned.
The kobold demonologist hits you but does no damage.
You writhe in agony.
The hellwing swoops through the air toward you!
The hellwing hits you.
The hellwing hits you but does no damage.
You block the kobold demonologist's attack.
You sock the kobold demonologist!
The kobold demonologist is almost dead.
The hellwing barely misses you. The hellwing hits you.
The kobold demonologist casts a spell.
The hellwing hits you.
The hellwing hits you but does no damage.
You bludgeon the kobold demonologist!!
You kill the kobold demonologist!
Makhleb accepts your kill.
The ufetubus disappears in a puff of smoke!
The hellwing hits you. You block the hellwing's attack.
The sun demon hits you!!
You are engulfed in flames.
You resist.
Your Dodging skill increases to level 3!
You have reached level 9!
Your experience leads to an increase in your attributes!
Increase (S)trength, (I)ntelligence, or (D)exterity?
You feel stronger. x2
The air fills with toxic fumes!
As you read the scroll of poison, it crumbles to dust.
The hellwing hits you. You block the hellwing's attack.
The sun demon hits you!!
* * * LOW HITPOINT WARNING * * *
You are engulfed in flames.
You resist.
* * * LOW HITPOINT WARNING * * *
As you read the scroll labelled ULEOSOF ER MEW, it crumbles to dust.
It is a scroll of enchant weapon.
Your +2 mace of protection glows red for a moment.
The sun demon hits you.
You die...

....# ###.#### # ....#
#......# # ....# §
#......#### # ....# §§
####.........# # )...#
§§§ #.§.......##.# #
....# §§§§
#§##......##.### ....+
§§§§§ ##§##......##...'
....#
§§§§§K##4§##......######
....#
§§§§§K3@§###......# #
##### §§§§§4####
######## #####


You could see a sun demon (summoned), a hellwing (summoned), a rust devil
(summoned), a kobold demonologist and a kobold.

Vanquished Creatures
  3 kobold demonologists
  Sigmund (D:2)
  An acid dragon (D:9)
  An orc warrior (D:8)
  A kobold brigand (D:9)
  3 bullfrogs (D:8)
  A scorpion (D:4)
  3 wights (D:8)
  A crimson imp (D:3)
  A hound (D:4)
  5 orc priests
  A sleepcap (D:8)
  Terence (D:3)
  3 orc wizards
  3 adders (D:4)
  2 shadow imps (D:4)
  2 dart slugs
  11 orcs
  4 ball pythons
  A bat (D:1)
  An endoplasm (D:3)
  3 giant cockroaches
  5 hobgoblins
  4 jackals (D:1)
  A quokka (D:1)
  3 frilled lizards
  4 goblins
  12 kobolds
  7 rats
89 creatures vanquished.

Notes
Turn   | Place    | Note
-------+----------+-------------------------------------------
     0 | D:1      | Hallewes the Minotaur Fighter began the quest for the Orb.
     0 | D:1      | Reached XP level 1. HP: 19/19 MP: 0/0
   142 | D:1      | Reached XP level 2. HP: 27/27 MP: 1/1
   691 | D:2      | Reached skill level 4 in Armour
  1082 | D:2      | Found a shimmering altar of Xom.
  1115 | D:2      | Identified the +7 mace "Iviphui" {heavy, rF+}
  1341 | D:2      | Reached XP level 3. HP: 33/33 MP: 2/2
  1479 | D:2      | Noticed Sigmund
  1486 | D:2      | Killed Sigmund
  1487 | D:2      | Reached skill level 1 in Maces & Flails
  1487 | D:2      | Reached skill level 5 in Armour
  1487 | D:2      | Reached XP level 4. HP: 27/41 MP: 3/3
  1487 | D:2      | Reached XP level 5. HP: 30/47 MP: 4/4
  1764 | D:3      | Noticed Terence
  1772 | D:3      | Killed Terence
  1953 | D:3      | Found a shimmering altar of Xom.
  1953 | D:3      | Found a burning altar of Makhleb.
  1956 | D:3      | Reached XP level 6. HP: 55/55 MP: 5/5
  1959 | D:3      | Became a worshipper of Makhleb the Destroyer
  2367 | D:4      | Reached skill level 5 in Fighting
  2479 | D:4      | Found a transporter.
  2480 | D:4      | Noticed a kobold demonologist
  2499 | D:4      | Found a transporter.
  2558 | D:4      | Noticed a neqoxec
  2560 | D:4      | Noticed a red devil
  2561 | D:4      | Gained mutation: You occasionally shout uncontrollably at
                  | your foes. [a neqoxec]
  2565 | D:4      | Killed a kobold demonologist
  2566 | D:4      | Reached skill level 6 in Armour
  2566 | D:4      | Reached skill level 1 in Dodging
  2566 | D:4      | Reached XP level 7. HP: 17/61 MP: 6/6
  2697 | D:4      | Reached skill level 7 in Armour
  2815 | D:4      | Reached * piety under Makhleb
  3052 | D:4      | Found a hazy altar of Hepliaklqana.
  3371 | D:5      | Entered Level 5 of the Dungeon
  3371 | D:5      | You fall into a shaft and drop 3 floors!
  3408 | D:8      | Reached skill level 5 in Shields
  3570 | D:8      | Reached XP level 8. HP: 69/69 MP: 7/7
  3963 | D:8      | Reached skill level 5 in Maces & Flails
  3967 | D:8      | Found Jaisydum's Fire Supplies.
  3983 | D:8      | Bought a +2 pair of gloves of fire resistance for 258 gold
                  | pieces
  4396 | D:9      | Reached skill level 8 in Armour
  4537 | D:9      | Found a snail-covered altar of Cheibriados.
  4800 | D:9      | Noticed a kobold demonologist
  4800 | D:9      | Noticed a kobold demonologist
  4800 | D:9      | Noticed a kobold demonologist
  4803 | D:9      | Killed a kobold demonologist
  4804 | D:9      | Reached skill level 1 in Evocations
  4805 | D:9      | Noticed a hellwing
  4807 | D:9      | Noticed a rust devil
  4808 | D:9      | Noticed a sun demon
  4809 | D:9      | Killed a kobold demonologist
  4810 | D:9      | Reached XP level 9. HP: 29/75 MP: 8/8
  4810 | D:9      | HP: 1/75 [sun demon[a kobold demonologist] (5)]
  4811 | D:9      | Slain by a sun demon

Illustrated notes

Levels and vault maps discovered:
D:1:      co_arrival_two_rings, layout_loops_ring
D:2:      layout_basic, basic_altar, uniq_sigmund
D:3:      layout_basic, grunt_temple_overflow_champion_of_chaos, uniq_terence
D:4:      gammafunk_wand_slinger, layout_basic, nicolae_hepliaklqana_hazy_memory
D:5:      layout_basic
D:8:      layout_loops_ring, minmay_misc_feat_more_columns,
          nicolae_shop_fire_sale [nicolae_sub_dead_trees]
D:9:      layout_roguey, old_standard_altar, lemuel_blue_sif_altar

Skill      XL: |  1  2  3  4  5  6  7  8 |
---------------+-------------------------+-----
Shields        | 4 5 6 |  6.3
Armour         | 4 5 6 7 8 |  8.8
Fighting       | 4 5 6 |  6.2
Axes           | 4 |  4.8
Maces & Flails | 1 3 4 6 |  6.8
Dodging        | 1 3 |  3.1
Evocations     | 1 |  1.0
Stealth        | |  0.6

Action                     |  1- 3 |  4- 6 |  7- 9 || total
---------------------------+-------+-------+-------++-------
  Melee: War axe           |    58 |       |       ||    58
         Headbutt          |     6 |     4 |    13 ||    23
         Mace              |     6 |    46 |    62 ||   114
  Evoke: Wand              |       |     1 |     3 ||     4
    Use: Scroll            |       |    12 |     3 ||    15
 Armour: Scale mail        |    30 |    25 |    22 ||    77
         Acid dragon scale |       |       |     5 ||     5
  Dodge: Dodged            |    32 |    30 |    28 ||    90
  Block: Buckler           |    13 |    19 |    20 ||    52
